 Dungeon Sprint DCSS version 0.31-a0-18-gea43df2a32 (webtiles) character file.

Game seed: 1291254228003537862

132 sircluck the Covert (level 5, -3/33 HPs)
             Began as a Kobold Brigand on May 9, 2023.
             Slain by a neqoxec (11 damage)
             ... in the Dungeon (Sprint II: "The Violet Keep of Menkaure").
             The game lasted 00:01:05 (134 turns).

sircluck the Covert (Kobold Brigand)                 Turns: 134, Time: 00:01:06

Health: -3/33      AC:  3    Str:  9    XL:     5   Next: 38%
Magic:  5/5        EV: 14    Int: 10    God:
Gold:   243        SH:  0    Dex: 18    Spells: 4/4 levels left

rFire   x . .        a - +2 dagger
rCold   + . .        (no shield)
rNeg    . . .        b - +0 robe
rPois   .            (no helmet)
rElec   .            c - +0 cloak
rCorr   .            (no gloves)
SInv    .            (no boots)
Will    .....        (no amulet)
Stlth   ++++++       (no ring)
HPRegen 0.25/turn    (no ring)
MPRegen 0.09/turn

%: no teleportation
@: on berserk cooldown, slowed, very slow
A: small, no large weapons, nightstalker 3, cold resistance 1, dopey 1, heat
vulnerability 1, subdued magic 1
a: no special abilities


You were in the Dungeon.
You visited 1 branch You collected 243 gold pieces.

Inventory:

Hand Weapons
 a - a +2 dagger (weapon)
Missiles
 d - 9 poisoned darts (quivered)
 e - 3 curare-tipped darts
Armour
 b - a +0 robe (worn)
 c - a +0 cloak (worn)
Potions
 h - a potion of haste
 i - 2 potions of magic


   Skills:
 + Level 4.2 Fighting
 + Level 6.0 Short Blades
 + Level 3.9 Throwing
 + Level 1.9 Dodging
 + Level 11.8 Stealth


You had 4 spell levels left.
You didn't know any spells.
Your spell library was empty.

Dungeon Overview and Level Annotations

Branches:
Dungeon (1/1)

Altars:


Innate Abilities, Weirdness & Mutations

You are small and have problems with some larger weapons.
You are completely attuned to the shadows.
Your flesh is cold resistant. (rC+)
You are dopey. (Int -2)
You are vulnerable to heat. (rF-)
Your spells are a little easier to cast, but a little less powerful.


Message History

The neqoxec gestures at you.
Something tries to feed on your intellect!
Blink to where?
Press: ? - help, Q - select action, (/) - cycle Dir - move target
As you read the scroll of blinking, it crumbles to dust.
You close the door.
A neqoxec opens the door.
You feel much better.
You hit the neqoxec.
The neqoxec is almost dead.
The neqoxec gestures at you.
Strange energies course through your body.
You feel stupid.
You hit the neqoxec.
The neqoxec is almost dead.
The neqoxec hits you.
You barely miss the neqoxec.
The neqoxec is almost dead.
The neqoxec misses you.
You hit the neqoxec but do no damage.
The neqoxec is almost dead.
The neqoxec gestures at you.
Strange energies course through your body.
You feel vulnerable to heat.
You hit the neqoxec but do no damage.
The neqoxec is almost dead.
The neqoxec gestures at you.
Something tries to feed on your intellect!
You barely miss the neqoxec.
The neqoxec is almost dead.
You hit the neqoxec but do no damage.
The neqoxec is almost dead.
The neqoxec gestures at you.
Something tries to feed on your intellect!
The neqoxec hits you!
* * * LOW HITPOINT WARNING * * *
The neqoxec barely misses you.
You barely miss the neqoxec.
The neqoxec is almost dead.
The neqoxec hits you!
You die...

### ## ..##.
### .33 #
##.###'# .#
#..3##.##$B.
+##@33<.+#
####.##.B.
#+# .# .#. #
l# #l ## ##


You could see 3 neqoxecs.

Vanquished Creatures
  A neqoxec (D)
  2 worms (D)
3 creatures vanquished.

Notes
Turn   | Place    | Note
-------+----------+-------------------------------------------
     0 | D        | sircluck the Kobold Brigand began the quest for the Orb.
     0 | D        | Reached XP level 1. HP: 12/12 MP: 1/1
     1 | D        | Noticed a wyvern
     1 | D        | Noticed a wyvern
     5 | D        | Noticed a boulder beetle
     5 | D        | Noticed a boulder beetle
    25 | D        | Reached skill level 6 in Stealth
    37 | D        | Reached XP level 2. HP: 7/18 MP: 2/2
   100 | D        | Noticed a neqoxec
   100 | D        | Noticed a neqoxec
   100 | D        | Noticed a neqoxec
   100 | D        | Noticed a neqoxec
   100 | D        | Gained mutation: Your spells are a little easier to cast,
                  | but a little less powerful. [a neqoxec]
   106 | D        | Killed a neqoxec
   107 | D        | Reached skill level 11 in Stealth
   107 | D        | Reached XP level 3. HP: 24/24 MP: 3/3
   107 | D        | Reached XP level 4. HP: 29/29 MP: 4/4
   107 | D        | Reached XP level 5. HP: 33/33 MP: 5/5
   113 | D        | Gained mutation: Your flesh is cold resistant. (rC+) [a
                  | neqoxec]
   127 | D        | Gained mutation: You are dopey. (Int -2) [a neqoxec]
   130 | D        | Gained mutation: You are vulnerable to heat. (rF-) [a
                  | neqoxec]
   134 | D        | Slain by a neqoxec

Illustrated notes

Levels and vault maps discovered:
D:        the_violet_keep_of_menkaure [sprint2_stairs_cluster_1,
          sprint2_shoproom, sprint2_temple, sprint2_basic_supplies,
          sprint2_obstacle_2, sprint2_obstacle_5, sprint2_obstacle_3,
          sprint2_obstacle_1, sprint2_obstacle_7, sprint2_timed_cluster_1,
          sprint2_smallroom_cluster_1, sprint2_smallroom_final_cluster_1,
          sprint2_transparent_cluster_1, sprint2_second_timed_cluster_1,
          sprint2_sniper_area_1, sprint2_heavy_combat_area_1,
          sprint2_mutation_trap_area_1, sprint2_forest_area_1,
          sprint2_light_combat_area_1, sprint2_behind_water_1,
          sprint2_near_end_vault_1]

Skill      XL: |  1  2 |
---------------+-------+-----
Short Blades   | 3 6 |  6.0
Stealth        | 6 11 | 11.8
Fighting       | 4 |  4.2
Throwing       | 3 |  3.9
Dodging        | |  1.9

Action                     |  1- 3 |  4- 6 || total
---------------------------+-------+-------++-------
  Melee: Dagger            |    26 |    24 ||    50
         Punch             |     1 |       ||     1
  Throw: Dart              |     1 |       ||     1
    Use: Potion            |     2 |     1 ||     3
         Scroll            |       |     1 ||     1
 Armour: Robe              |     1 |       ||     1
  Dodge: Dodged            |     6 |     3 ||     9

Table legend: (Time is in decaauts)
 A = Elapsed time spent in this place.
 B = Non-inter-level travel time spent in this place.
 C = Inter-level travel time spent in this place.
 D = Time resting spent in this place.
 E = Time spent auto-exploring this place.
 F = Levels seen in this place.
 G = Mean time per level.
                   A        B        C        D        E       F      G
               +--------+--------+--------+--------+--------+-----+--------+
         Total |    122 |    122 |      0 |     47 |      0 |   1 |  122.0 |
       Dungeon |    122 |    122 |      0 |     47 |      0 |   1 |  122.0 |
               +--------+--------+--------+--------+--------+-----+--------+

Top non-repeatable levels by time:
       D: 122 daAuts
